AoeStats
← momoney9964

Oasis

510034113Analyzed
3v3 RM · 4d ago on Sep 29, 2026· 17m 51s· 6 players
Game mode
Random Map
Map size
Normal (6 player)
Population
200
Speed
Normal
Resources
Standard
Victory
Conquest
Starting age
Dark Age
Ending age
Imperial Age
RankedLock teamsTeams togetherTeam positionsShared explorationLock speedFull tech treeHidden civsTurbo modeCheats
Victory
Defeat
🇺🇸 Georgians · United States
875
+13
🇺🇸 Danes · United States
702
+20
🇺🇸 Spanish · United States
699
+20
🇺🇸 Britons · United States
827
-19
🇺🇸 Khitans · United States
798
-18
🇺🇸 Khmer · United States
754
-16
BaconKnight73
10:48 Feudal Age
10:30 Loom
14:05 Double-Bit Axe
18:14 Wheelbarrow
SketchyGlue9293
12:06 Feudal Age
17:10 Castle Age
16:17 Double-Bit Axe
16:27 Gold Mining
17:24 Horse Collar
blaster
11:40 Feudal Age
9:58 Loom
15:30 Double-Bit Axe
16:20 Horse Collar
18:55 Castle Age
CaptSquigglyP_IV
6:17 Loom
10:49 Feudal Age
12:23 Double-Bit Axe
20:14 Castle Age
momoney9964
4:43 Loom
14:25 Feudal Age
15:11 Double-Bit Axe
Hans Brix
0:27 Loom
13:18 Feudal Age
15:22 Wheelbarrow
Connection lost

Rejoining the realm…

Still unreachable

The connection could not be restored.

Session expired

The server has moved on; the page needs a fresh start.